cohdb
Replays
Latest Replays
All Replays
Popular Replays
Top Player Replays
Match Explorer
How It Works
Community
CoH3 Stats
Reddit
Sign in to upload your games and track your stats! →
Sign in with Steam
Match 45205949
Unlisted
Match 45205949
Overview
Messages
Build Orders
End
Construct Barracks
Selects Heavy Weapons
Riflemen Squad
Riflemen Squad
1⁄4-ton 4x4 Truck
Construct Weapon Support Center
Air Support Center
Selects Assault Carriers
Grasshopper Recon Run
M3 Assault Carrier
M1 Mortar Team
P-47 Strafing Run
Selects M2HB .50cal Heavy Machine Gun
Selects Halftrack Strongpoints
P-47 Dive Bomb
M3 Assault Carrier
Engineer Squad
Grasshopper Recon Run
P-47 Strafing Run
M3 Assault Carrier
P-47 Strafing Run
Grasshopper Recon Run
Selects M2HB .50cal Heavy Machine Gun
Selects Gallant Stand
P-47 Strafing Run
M1919 Machine Gun Team
Grasshopper Recon Run
Double Sortie
Bazooka Squad
P-47 Strafing Run
P-47 Dive Bomb
Grasshopper Recon Run
P-47 Strafing Run
Construct Tank Depot
Selects Towed M5 3-inch Anti-tank Gun
Towed M5 3-inch Anti-tank Gun
Grasshopper Recon Run
P-47 Strafing Run
Grasshopper Recon Run
P-47 Dive Bomb
P-47 Strafing Run
M18 Hellcat Tank Destroyer
P-47 Strafing Run
Grasshopper Recon Run
Advanced Air Reconnaissance
Improved Aircraft Armor
P-47 Strafing Run
Selects Black Dragon Artillery Barrage
Grasshopper High-Altitude Recon Run
P-47 Dive Bomb
Gabloc
Vespucci
iExploze
Alan
SweetTooth1S
Woggle
Corp.Shephard
Sepah
0
0
Comments
sign in to comment!
No comments posted yet!